 Dungeon Crawl Stone Soup version 0.21.1-74-g47da925 (webtiles) character file.

7590 Madoushi the Cleaver (level 10, -1/93 HPs)
             Began as a Minotaur Berserker on Aug 6, 2018.
             Was an Elder of Trog.
             Slain by Madoushi's ghost (23 damage)
             ... on level 10 of the Dungeon.
             The game lasted 00:26:27 (9551 turns).

Madoushi the Cleaver (Minotaur Berserker)           Turns: 9551, Time: 00:26:27

Health: -1/93      AC: 10    Str: 25    XL:     10   Next: 97%
Magic:  9/9        EV: 17    Int:  4    God:    Trog [****..]
Gold:   613        SH:  0    Dex: 10    Spells: 9/9 levels left

rFire    . . .     SeeInvis .   C - +0 war axe
rCold    . . .     Gourm    .   (no shield)
rNeg     . . .     Faith    .   m - +1 scale mail (curse)
rPois    .         Spirit   .   (helmet restricted)
rElec    .         Reflect  .   J - scarf {cloud immunity}
rCorr    .         Harm     .   s - +0 pair of gloves
MR       .....                  (no boots)
Stlth    +.........             (no amulet)
HPRegen  0.25/turn              u - ring of stealth
MPRegen  0.11/turn              w - +3 ring of evasion

@: berserk cooldown, slowed, very slow
A: retaliatory headbutt, horns 2
a: Berserk, Trog's Hand, Brothers in Arms, Burn Spellbooks, Renounce Religion


You were on level 10 of the Dungeon.
You worshipped Trog.
Trog was greatly pleased with you.
You were near starving.

You visited 1 branch of the dungeon, and saw 10 of its levels.

You collected 613 gold pieces.

Inventory:

Hand Weapons
 a - a +0 hand axe
 C - a +0 war axe (weapon)
Armour
 m - a cursed +1 scale mail (worn)
 s - a +0 pair of gloves (worn)
 G - a +0 chain mail
 J - a scarf of cloud immunity (worn)
Jewellery
 u - a ring of stealth (left hand)
 w - a +3 ring of evasion (right hand)
 y - an uncursed ring of fire
 M - a +3 ring of protection
Wands
 b - a wand of disintegration (14)
 i - a wand of polymorph (10)
 v - a wand of random effects (43)
 B - a wand of iceblast (17)
 E - a wand of enslavement (18)
 L - a wand of acid (13)
 O - a wand of paralysis (16)
Scrolls
 d - 2 scrolls of immolation
 e - 3 scrolls of teleportation
 h - a scroll of noise
 j - 4 scrolls of remove curse
 l - a scroll of identify
 p - a scroll of amnesia
 A - 4 scrolls of enchant weapon
Potions
 f - a potion of agility {unknown}
 g - 6 potions of curing
 k - 2 potions of heal wounds
 o - 2 potions of lignification {unknown}
 r - a potion of invisibility {unknown}
 t - a potion of magic {unknown}
 z - a potion of berserk rage {unknown}
 D - 3 potions of resistance {unknown}
 F - a potion of flight {unknown}
 I - a potion of cancellation {unknown}
Comestibles
 c - 8 rations


   Skills:
 + Level 9.8 Fighting
 * Level 12.9 Axes
 + Level 9.4 Armour
 + Level 8.6 Dodging


You had 9 spell levels left.
You didn't know any spells.

Dungeon Overview and Level Annotations

Branches:
Dungeon (10/15)            Temple (0/1) D:7             Orc (0/2) D:9
   Lair: D:8-11

Altars:
Ashenzari
Cheibriados
Dithmenos
Elyvilon
Fedhas
Hepliaklqana
Kikubaaqudgha
Makhleb
Okawaru
Sif Muna
Vehumet
Zin

Shops:
D:9 (   D:10 *

Annotations:
D:10 Madoushi's ghost, journeyman MiBe


Innate Abilities, Weirdness & Mutations

You reflexively headbutt those who attack you in melee.
You have a pair of horns on your head.


Message History

Madoushi's ghost is heavily damaged.
Madoushi's ghost completely misses you.
You slice Madoushi's ghost!!
Madoushi's ghost is severely damaged.
You miss Madoushi's ghost.
You headbutt Madoushi's ghost, but do no damage.
Madoushi's ghost is severely damaged.
Madoushi's ghost hits you! Madoushi's ghost freezes you.
You barely miss Madoushi's ghost.
Madoushi's ghost is severely damaged.
Madoushi's ghost hits you!! Madoushi's ghost freezes you!
* * * LOW HITPOINT WARNING * * *
You barely miss Madoushi's ghost. Your headbutt misses Madoushi's ghost.
Madoushi's ghost is severely damaged.
You slash Madoushi's ghost!
Madoushi's ghost is almost destroyed.
You are no longer berserk.
You are exhausted.
You feel yourself slow down. Madoushi's ghost hits you!!
You die...

#.........#
#.........# ...
#..####...# .. #..#
...# #..
#######..####...#
##..
#...............#
#....#.####.........
#....#..)..∩..######
#....'W@......#
##...#........# #..
#######..# #. #.....
# ..... .##### .#


You could see Madoushi's ghost.

Vanquished Creatures
  3 two-headed ogres
  Pikel (D:9)
  The ghost of kyoneko the Grasshopper, a novice GnWr of Yredelemnul (D:5)
  A deep elf mage (D:9)
  2 hippogriffs
  A wraith (D:10)
  8 yaks
  A water moccasin (D:7)
  The ghost of bohran the Conjurer, an amateur DEFE of Vehumet (D:3)
  An orc warrior (D:9)
  An ogre (D:9)
  A phantom (D:5)
  An ice beast (D:7)
  3 sky beasts
  A slave (D:9)
  3 centaurs
  3 bullfrogs
  2 scorpions
  4 killer bees (D:7)
  A bullfrog zombie (D:6)
  2 howler monkeys (D:9)
  2 crimson imps
  2 centaur zombies (D:9)
  A bullfrog skeleton (D:5)
  6 hounds
  2 jellies
  3 orc priests
  2 iguanas
  7 orc wizards
  4 worker ants
  A hound zombie (D:6)
  2 hound skeletons (D:8)
  4 gnolls (D:2)
  6 adders
  2 shadow imps
  An ooze (D:1)
  An adder skeleton (D:6)
  4 worms
  2 dart slugs
  6 leopard geckos
  29 orcs
  4 ball pythons
  5 giant cockroaches
  9 hobgoblins
  4 jackals (D:9)
  7 quokkas
  7 bats
  6 frilled lizards
  9 goblins
  4 kobolds
  4 rats
  A butterfly (D:7)
189 creatures vanquished.

Vanquished Creatures (others)
  A phantom (D:9)
1 creature vanquished.

Grand Total: 190 creatures vanquished

Notes
Turn   | Place    | Note
-------+----------+-------------------------------------------
     0 | D:1      | Madoushi the Minotaur Berserker began the quest for the Orb.
     0 | D:1      | Reached XP level 1. HP: 19/19 MP: 0/0
   274 | D:1      | Reached XP level 2. HP: 23/27 MP: 1/1
   309 | D:1      | Reached skill level 4 in Axes
   497 | D:1      | Reached ** piety under Trog
   513 | D:1      | Reached XP level 3. HP: 23/33 MP: 2/2
  1223 | D:2      | Reached XP level 4. HP: 40/40 MP: 3/3
  1470 | D:2      | Reached skill level 5 in Axes
  1626 | D:2      | Found a hazy altar of Hepliaklqana.
  1867 | D:2      | Found a glowing silver altar of Zin.
  1956 | D:3      | Found an ancient bone altar of Kikubaaqudgha.
  1982 | D:3      | Found a burning altar of Makhleb.
  2087 | D:3      | Reached XP level 5. HP: 39/47 MP: 4/4
  2176 | D:3      | Found a shattered altar of Ashenzari.
  2220 | D:3      | Found a radiant altar of Vehumet.
  2300 | D:3      | Noticed bohran's ghost (amateur DEFE)
  2342 | D:3      | Killed bohran's ghost
  2553 | D:3      | Reached XP level 6. HP: 22/55 MP: 5/5
  3001 | D:4      | Reached skill level 6 in Axes
  3004 | D:4      | Reached *** piety under Trog
  3048 | D:4      | Reached skill level 5 in Fighting
  3599 | D:4      | Found a blossoming altar of Fedhas.
  3852 | D:5      | Entered Level 5 of the Dungeon
  4011 | D:5      | Reached XP level 7. HP: 61/61 MP: 6/6
  4167 | D:5      | Noticed kyoneko's ghost (novice GnWr)
  4187 | D:5      | Killed kyoneko's ghost
  4187 | D:5      | Reached skill level 7 in Axes
  4187 | D:5      | Reached skill level 5 in Armour
  4187 | D:5      | Reached skill level 5 in Dodging
  4187 | D:5      | Reached XP level 8. HP: 70/70 MP: 7/7
  4213 | D:5      | Reached skill level 8 in Axes
  4342 | D:5      | Found a snail-covered altar of Cheibriados.
  4693 | D:5      | Reached **** piety under Trog
  5152 | D:6      | Found a deep blue altar of Sif Muna.
  5459 | D:6      | Noticed a two-headed ogre
  5470 | D:6      | Killed a two-headed ogre
  5470 | D:6      | Reached skill level 9 in Axes
  5470 | D:6      | Reached XP level 9. HP: 79/79 MP: 8/8
  5880 | D:7      | Reached skill level 10 in Axes
  6425 | D:7      | Found a white marble altar of Elyvilon.
  6705 | D:7      | Found a staircase to the Ecumenical Temple.
  6730 | D:7      | Found a shadowy altar of Dithmenos.
  6740 | D:7      | Reached skill level 11 in Axes
  6986 | D:8      | Received a gift from Trog
  7174 | D:8      | Noticed a two-headed ogre
  7180 | D:8      | Killed a two-headed ogre
  7180 | D:8      | Reached XP level 10. HP: 90/90 MP: 9/9
  7239 | D:8      | Found an iron altar of Okawaru.
  8264 | D:9      | Reached skill level 12 in Axes
  8396 | D:9      | Found Zeforanai's Weapon Boutique.
  8495 | D:9      | Noticed a deep elf mage
  8500 | D:9      | Killed a deep elf mage
  8671 | D:9      | Found a staircase to the Orcish Mines.
  8954 | D:9      | Noticed a two-headed ogre
  8967 | D:9      | Killed a two-headed ogre
  9065 | D:9      | Noticed Pikel
  9081 | D:9      | Killed Pikel
  9331 | D:10     | Entered Level 10 of the Dungeon
  9467 | D:10     | Found Xaac's Assorted Antiques.
  9534 | D:10     | Noticed Madoushi's ghost (journeyman MiBe)
  9551 | D:10     | Slain by Madoushi's ghost

Skill      XL: |  1  2  3  4  5  6  7  8  9 10 |
---------------+-------------------------------+-----
Axes           | 4 5 6 7 9 11 12 | 12.9
Fighting       | 4 5 6 7 8 9 |  9.8
Armour         | 3 4 5 6 8 9 |  9.4
Dodging        | 3 4 5 6 7 8 |  8.6

Action                   |  1- 3 |  4- 6 |  7- 9 | 10-12 || total
-------------------------+-------+-------+-------+-------++-------
Melee: Hand axe          |    54 |   169 |    32 |       ||   255
       Headbutt          |    12 |    25 |    32 |    25 ||    94
       War axe           |       |       |   124 |   131 ||   255
Invok: Berserk           |     1 |     1 |     4 |     3 ||     9
       Trog's Hand       |       |     1 |       |       ||     1
       Burn Spellbooks   |       |       |     1 |       ||     1
  Use: Scroll            |     1 |     5 |       |    13 ||    19
  Eat: Chunk             |       |     7 |     8 |     9 ||    24
       Ration            |       |     2 |     1 |       ||     3
Armor: Animal skin       |    13 |       |       |       ||    13
       Ring mail         |     6 |    33 |       |       ||    39
       Scale mail        |       |     5 |    57 |    39 ||   101
Dodge: Dodged            |    38 |   106 |   134 |   129 ||   407
